 Dungeon Crawl Stone Soup version 0.22-a0-136-g83a10e5 (webtiles) character file.

110 varam the Conjurer (level 4, -1/24 HPs)
             Began as a Gargoyle Fire Elementalist on Feb 2, 2018.
             Slain by an ice beast (2 damage)
             ... on level 5 of the Dungeon.
             The game lasted 00:08:51 (2164 turns).

varam the Conjurer (Gargoyle Fire Elementalist)     Turns: 2164, Time: 00:08:52

Health: -1/24      AC:  6    Str: 12    XL:     4   Next: 91%
Magic:  0/7        EV: 12    Int: 16    God:
Gold:   160        SH:  0    Dex: 15    Spells: 1/7 levels left

rFire    . . .     SeeInvis .   f - +0 mace
rCold    . . .     Gourm    .   (no shield)
rNeg     + . .     Faith    .   a - +0 robe
rPois    ∞         Spirit   .   (no helmet)
rElec    +         Reflect  .   k - +0 cloak
rCorr    .         Harm     .   (no gloves)
MR       .....                  (no boots)
Stlth    ++........             (no amulet)
HPRegen  0.08/turn              g - +5 ring of dexterity
MPRegen  0.10/turn              n - ring of wizardry

@: no status effects
A: negative energy resistance 1, electricity resistance, unbreathing,
petrification resistance, rot immunity, AC +3
a: no special abilities


You were on level 5 of the Dungeon.
You were near starving.

You visited 1 branch of the dungeon, and saw 5 of its levels.

You collected 160 gold pieces.

Inventory:

Hand Weapons
 f - a +0 mace (weapon)
Armour
 a - a +0 robe (worn)
 k - a +0 cloak (worn)
Jewellery
 g - a +5 ring of dexterity (left hand)
 n - a ring of wizardry (right hand)
Scrolls
 e - 3 scrolls of identify {unknown}
 h - a scroll of immolation {unknown}
 m - a scroll of blinking {unknown}
 p - a scroll of fog {unknown}
 q - a scroll of remove curse {unknown}
Potions
 d - a potion of lignification {unknown}
 i - 2 potions of haste {unknown}
 j - 4 potions of curing {unknown}
 o - a potion of mutation {unknown}
 r - a potion of magic {unknown}
Books
 b - a book of Flames

   Spells                             Type                      Level
   a - Flame Tongue                   Conjuration/Fire             1
   b - Throw Flame                    Conjuration/Fire             2
   c - Conjure Flame                  Conjuration/Fire             3
   d - Inner Flame                    Hexes/Fire                   3
   e - Sticky Flame                   Conjuration/Fire             4
   f - Fireball                       Conjuration/Fire             5
 l - a book of Cantrips

   Spells                             Type                      Level
   a - Confusing Touch                Hexes                        1
   b - Animate Skeleton               Necromancy                   1
   c - Summon Small Mammal            Summoning                    1
   d - Apportation                    Translocation                1
Comestibles
 c - 5 rations
 s - 4 chunks of flesh


   Skills:
 - Level 1.5 Dodging
 - Level 2.1 Stealth
 - Level 2.0 Spellcasting
 * Level 4.1 Conjurations
 + Level 3.9 Fire Magic


You had one spell level left.
You knew the following spells:

 Your Spells              Type           Power        Failure   Level  Hunger
a - Flame Tongue          Conj/Fire      ##...        1%          1    #......
b - Conjure Flame         Conj/Fire      ##......     4%          3    ###....
z - Throw Flame           Conj/Fire      ##....       2%          2    ###....


Dungeon Overview and Level Annotations

Branches:
Dungeon (5/15)
 Temple: D:4-7

Altars:
Gozag

Annotations:
D:3 varam's ghost, weakling TrMo
D:4 anet's ghost, novice MfWn


Innate Abilities, Weirdness & Mutations

You are resistant to torment.
Your stone body is resilient. (AC +3)
You are immune to poison.
You resist negative energy. (rN+)
You are resistant to electric shocks. (rElec)
You can survive without breathing.
You are immune to petrification.
You are immune to rotting.


Message History

Press: ? - help, Shift-Dir - straight line, f/p - ice beast
Aim: an ice beast (heavily wounded)
The flame tongue hits the ice beast.
The ice beast melts!
The ice beast is severely wounded.
The ice beast closely misses you.
Casting: Flame Tongue (safe; 1% risk of failure)
Confirm with . or Enter, or press ? or * to list all spells.
Aiming: Flame Tongue (safe; 1% risk of failure)
Press: ? - help, Shift-Dir - straight line, f/p - ice beast
Aim: an ice beast (severely wounded)
The flame tongue hits the ice beast.
The ice beast melts!
The ice beast is almost dead.
The ice beast completely misses you.
A centaur comes into view.
You are near starving!
The centaur wields a shortbow.
The centaur shoots an arrow.
The arrow hits you!
Ouch! That really hurt!
* * * LOW HITPOINT WARNING * * *
The ice beast hits you.
You die...

### #c.
#.# ...
#.#
#####.#
...#.#
#.#.##
#.@Y.#
###..#
#..# #..#
#.## #.#
.######.##
.........#
.####...##


You could see an ice beast and a centaur.

Vanquished Creatures
  4 adders
  A gnoll (D:3)
  An ooze (D:1)
  2 worms
  A dart slug (D:2)
  2 leopard geckos
  3 bats
  5 giant cockroaches
  6 goblins
  2 hobgoblins (D:2)
  5 kobolds
  3 quokkas
  13 frilled lizards
  3 rats
51 creatures vanquished.

Notes
Turn   | Place    | Note
-------+----------+-------------------------------------------
     0 | D:1      | varam the Gargoyle Fire Elementalist began the quest for the Orb.
     0 | D:1      | Reached XP level 1. HP: 10/10 MP: 3/3
   151 | D:1      | Reached XP level 2. HP: 15/15 MP: 5/5
   153 | D:1      | Reached skill level 2 in Conjurations
   649 | D:2      | Learned a level 2 spell: Throw Flame
   701 | D:2      | Found an opulent altar of Gozag.
   732 | D:2      | Reached XP level 3. HP: 19/19 MP: 3/6
   920 | D:2      | Reached skill level 3 in Conjurations
  1019 | D:2      | Learned a level 3 spell: Conjure Flame
  1259 | D:3      | Reached XP level 4. HP: 20/24 MP: 4/7
  1624 | D:3      | Noticed varam's ghost (weakling TrMo)
  1861 | D:4      | Noticed an ogre
  1935 | D:4      | Reached skill level 4 in Conjurations
  2107 | D:4      | Noticed anet's ghost (novice MfWn)
  2130 | D:5      | Entered Level 5 of the Dungeon
  2130 | D:5      | Noticed an ice beast
  2162 | D:5      | Noticed a centaur
  2164 | D:5      | HP: 1/24 [centaur/arrow (13)]
  2164 | D:5      | Slain by an ice beast

Vault maps used:
D:1:      minmay_arrival_plants_in_alcoves, minmay_lizard_king
D:2:      lemuel_round_altar
D:3:      minmay_box_of_dots
D:4:      portal_sewer_entry_b, first_ration, uniq_robin
D:5:      gammafunk_temple_overflow_statue, minmay_temple_entry_poolview,
          enter_ossuary_3

Skill      XL: |  1  2  3  4 |
---------------+-------------+-----
Conjurations   | 2 3 4 |  4.1
Dodging        | |  1.5
Stealth        | |  2.1
Spellcasting   | |  2.0
Fire Magic     | |  3.9

Action                   |  1- 3 |  4- 6 || total
-------------------------+-------+-------++-------
Melee: Mace              |    44 |    22 ||    66
 Cast: Flame Tongue      |    34 |    32 ||    66
       Throw Flame       |     5 |    12 ||    17
       Conjure Flame     |       |     2 ||     2
 Stab: Sleeping          |     1 |       ||     1
  Eat: Chunk             |     2 |     3 ||     5
Armor: Robe              |    22 |    22 ||    44
Dodge: Dodged            |    36 |    30 ||    66

Table legend:
 A = Spawn XP
 B = Non-spawn XP
 C = Spawn XP percentage of total XP
 D = Spawn monster count
 E = Non-spawn monster count
 F = Spawn count percentage of total count
 G = Total turns spent on level
                    A         B        C        D         E        F      G
               +---------+---------+-------+---------+---------+-------+---------
         Total |       0 |     158 |   0.0 |       0 |      51 |   0.0 |  2164
               +---------+---------+-------+---------+---------+-------+---------
           D:1 |       0 |      25 |   0.0 |       0 |      15 |   0.0 |   645
           D:2 |       0 |      48 |   0.0 |       0 |      19 |   0.0 |   614
           D:3 |       0 |      60 |   0.0 |       0 |      12 |   0.0 |   622
           D:4 |       0 |      23 |   0.0 |       0 |       4 |   0.0 |   249
           D:5 |       0 |       2 |   0.0 |       0 |       1 |   0.0 |    34
               +---------+---------+-------+---------+---------+-------+---------
